 Dungeon Crawl Stone Soup version 0.29.0-13-gc9e81de378 (webtiles) character file.

Game seed: 2234975859850783466

2996 Powertoast the Basher (level 9, -9/144 HPs)
             Began as a Troll Berserker on Sept 10, 2022.
             Was a Priest of Trog.
             Mangled by a two-headed ogre
             ... wielding a +0 dire flail
              (14 damage)
             ... on level 8 of the Dungeon.
             The game lasted 00:18:30 (6937 turns).

Powertoast the Basher (Troll Berserker)             Turns: 6937, Time: 00:18:30

Health: -9/144     AC:  5    Str: 31    XL:     9   Next: 54%
Magic:  8/8        EV: 10    Int:  3    God:    Trog [***...]
Gold:   395        SH:  0    Dex:  9    Spells: 8/8 levels left

rFire   + . .      SeeInvis .   E - +7 battleaxe
rCold   . . .      Faith    .   (shield currently unavailable)
rNeg    . . .      Spirit   .   b - +0 animal skin
rPois   .          Reflect  .   (helmet restricted)
rElec   .          Harm     .   m - +0 cloak
rCorr   +          Rampage  .   (gloves unavailable)
Will    ++...                   (boots unavailable)
Stlth   ..........              (no amulet)
HPRegen 2.14/turn               h - ring of resist corrosion
MPRegen 0.11/turn               y - ring of protection from fire

@: berserking, strong-willed, regenerating, very quick
A: large, unfitting armour, claws 3, regeneration 1, shaggy fur 1, tough skin 1
a: Renounce Religion, Berserk, Trog's Hand


You were on level 8 of the Dungeon.
You worshipped Trog.
Trog was most pleased with you.
You visited 1 branch of the dungeon, and saw 8 of its levels.

You collected 395 gold pieces.

Inventory:

Hand Weapons
 a - a +0 mace
 d - a +0 dire flail
 x - a +2 flail of draining
 E - a +7 battleaxe (weapon)
Missiles
 s - 5 large rocks (quivered)
 C - 2 throwing nets
 J - 4 silver javelins
Armour
 b - a +0 animal skin (worn)
 m - a +0 cloak (worn)
Jewellery
 h - a ring of resist corrosion (left claw)
 q - the necklace of Bloodlust {*Rage Will++ Int-3 Slay+6}
   (You found it on level 3 of the Dungeon)

   [amulet of nothing]

   It extends the wearer's berserk rage when killing foes.
   Int:       It affects your intelligence (-3).
   Slay:      It affects your accuracy & damage with ranged weapons and melee
   (+6).
   *Rage:     It berserks you when you make melee attacks (+50% chance).
   Will:      It greatly increases your willpower.
 y - a ring of protection from fire (right claw)
 B - a +4 ring of protection
 D - a ring of flight
Wands
 k - a wand of polymorph (2)
 w - a wand of flame (29)
Scrolls
 c - 2 scrolls of blinking
 e - a scroll of enchant armour
 f - a scroll of brand weapon
 i - a scroll of immolation
 l - 2 scrolls of enchant weapon
 n - a scroll of teleportation {unknown}
 p - 2 scrolls of fog
 z - 3 scrolls of poison {unknown}
 A - 3 scrolls of fear
 F - 2 scrolls of summoning {unknown}
 I - a scroll of vulnerability {unknown}
Potions
 g - 2 potions of haste
 j - a potion of might {unknown}
 o - 2 potions of curing {unknown}
 r - 2 potions of degeneration {unknown}
 t - a potion of invisibility {unknown}
 u - a potion of heal wounds {unknown}
 v - 2 potions of attraction {unknown}
 G - a potion of cancellation {unknown}
 H - 2 potions of berserk rage {unknown}
 K - a potion of mutation {unknown}


   Skills:
 * Level 8.0 Fighting
 + Level 8.0 Maces & Flails
 + Level 4.7 Throwing
 - Level 2.4 Dodging


You had 8 spell levels left.
You didn't know any spells.
Your spell library was empty.

Dungeon Overview and Level Annotations

Branches:
Dungeon (8/15)             Temple (0/1) D:4
   Lair: D:8-11

Altars:
Gozag
Hepliaklqana
Kikubaaqudgha
Makhleb
Okawaru
Qazlal
Trog
Vehumet
Wu Jian

Shops:
D:1 [

Annotations:
D:8 2 transporters, Persephone's ghost, novice GrBe


Innate Abilities, Weirdness & Mutations

You are too large for most types of armour.
You have claws for hands.
Your natural rate of healing is unusually fast.
You are covered in fur. (AC +1)
You have tough skin. (AC +1)


Message History

Found a robe.
Found a transporter.
There is a transporter landing site here.
Found a mace.
You see here a +0 mace.
You hear the brisk hiss of an avalanche of sand nearby.
A two-headed ogre comes into view.
It is wielding a +0 dire flail and a +0 giant spiked club.
The two-headed ogre shouts in stereo!
Found a murky silvery potion.
Your skin crawls.
You feel strong-willed.
You hit the two-headed ogre.
The two-headed ogre is lightly wounded.
The two-headed ogre hits you with a +0 dire flail!!
The two-headed ogre hits you with a +0 giant spiked club!
You slash the two-headed ogre!
The two-headed ogre is moderately wounded.
The two-headed ogre hits you with a +0 dire flail!
The two-headed ogre hits you with a +0 giant spiked club!
You closely miss the two-headed ogre.
The two-headed ogre is moderately wounded.
The two-headed ogre hits you but does no damage.
The two-headed ogre misses you.
You hit the two-headed ogre.
The two-headed ogre is heavily wounded.
The two-headed ogre misses you. The two-headed ogre barely misses you.
A red film seems to cover your vision as you go berserk!
You feel yourself moving faster!
You feel mighty!
The two-headed ogre hits you with a +0 dire flail!
* * * LOW HITPOINT WARNING * * *
The two-headed ogre hits you with a +0 giant spiked club!!
* * * LOW HITPOINT WARNING * * *
You barely miss the two-headed ogre.
The two-headed ogre is heavily wounded.
You barely miss the two-headed ogre.
The two-headed ogre is heavily wounded.
The two-headed ogre hits you with a +0 dire flail!!
* * * LOW HITPOINT WARNING * * *
The two-headed ogre hits you with a +0 giant spiked club!
You die...

+.. ......# #.. ...... . #..
#....# .# ##.
#....##.########.
.#+#####................
!...................>...
........................
......O@................
........................
#.....##................
#######.................
#....##..####..... ##...#####
#>.... #......... .......
##########.................
###)......##.................


You could see a two-headed ogre.

Vanquished Creatures
  Maggie (D:8)
  A hornet (D:7)
  Grinder (D:3)
  2 steam dragons
  The ghost of Tiocfaidh the Firebug, an amateur SpFE of Vehumet (D:3)
  2 orc warriors
  An ice beast (D:7)
  A black bear (D:7)
  The ghost of mdonais the Trooper, an amateur MeAK of Lugonu (D:3)
  An ogre (D:4)
  A centaur (D:7)
  The ghost of rogsnak the Gusty, an amateur DrAE (D:3)
  A necrophage (D:8)
  2 scorpions
  4 wights (D:7)
  6 howler monkeys
  A hound (D:3)
  2 jellies
  3 orc priests
  4 iguanas
  3 orc wizards
  10 adders
  8 gnolls
  A river rat (D:4)
  A white imp (D:7)
  An ufetubus (D:6)
  2 worms (D:2)
  The ghost of Ofeo the Firebug, a weakling MeFE (D:3)
  A dart slug (D:1)
  18 orcs
  8 bats
  10 endoplasms
  4 giant cockroaches
  9 goblins
  7 hobgoblins
  2 jackals (D:3)
  4 quokkas
  6 ball pythons
  4 frilled lizards
  5 kobolds
  14 rats
156 creatures vanquished.

Vanquished Creatures (others)
  An adder (D:6)
1 creature vanquished.

Grand Total: 157 creatures vanquished

Notes
Turn   | Place    | Note
-------+----------+-------------------------------------------
     0 | D:1      | Powertoast the Troll Berserker began the quest for the Orb.
     0 | D:1      | Reached XP level 1. HP: 22/22 MP: 0/0
    35 | D:1      | Found Roumpa's Antique Armour Shop.
   164 | D:1      | Found a faded altar of an unknown god.
   248 | D:1      | Reached XP level 2. HP: 29/29 MP: 1/1
   662 | D:2      | Found a hazy altar of Hepliaklqana.
   762 | D:2      | Reached ** piety under Trog
   836 | D:2      | Reached XP level 3. HP: 33/37 MP: 2/2
  1175 | D:2      | Reached XP level 4. HP: 45/45 MP: 3/3
  1451 | D:3      | Found a runed translucent gate.
  1452 | D:3      | Found a runed translucent gate.
  1453 | D:3      | Found a runed translucent gate.
  1690 | D:3      | Found a radiant altar of Vehumet.
  1728 | D:3      | Found the necklace of Bloodlust {*Rage Will++ Int-3 Slay+6}
  1730 | D:3      | Reached *** piety under Trog
  1769 | D:3      | Reached XP level 5. HP: 47/54 MP: 4/4
  1808 | D:3      | Noticed Grinder
  1830 | D:3      | Killed Grinder
  1831 | D:3      | Reached XP level 6. HP: 63/63 MP: 5/5
  2008 | D:3      | Noticed Tiocfaidh's ghost (amateur SpFE)
  2008 | D:3      | Noticed Ofeo's ghost (weakling MeFE)
  2009 | D:3      | Noticed mdonais's ghost (amateur MeAK)
  2009 | D:3      | Noticed rogsnak's ghost (amateur DrAE)
  2027 | D:3      | Killed Tiocfaidh's ghost
  2028 | D:3      | Reached skill level 5 in Maces & Flails
  2043 | D:3      | Killed mdonais's ghost
  2044 | D:3      | Reached skill level 5 in Fighting
  2044 | D:3      | Reached XP level 7. HP: 72/72 MP: 6/6
  2062 | D:3      | Killed rogsnak's ghost
  2066 | D:3      | Killed Ofeo's ghost
  2324 | D:4      | Reached skill level 1 in Throwing
  2434 | D:4      | Found a staircase to the Ecumenical Temple.
  2879 | D:4      | Found a glowing drain.
  3050 | D:4      | Found an ornate altar of the Wu Jian Council.
  3057 | D:4      | Found a hazy altar of Hepliaklqana.
  3369 | D:4      | Found a stormy altar of Qazlal.
  3504 | D:5      | Entered Level 5 of the Dungeon
  3848 | D:5      | Reached XP level 8. HP: 82/82 MP: 7/7
  4097 | D:5      | Found a burning altar of Makhleb.
  4199 | D:5      | Found an iron altar of Okawaru.
  4673 | D:6      | Found an ancient bone altar of Kikubaaqudgha.
  5149 | D:5      | HP: 4/83 [orc warrior/+0 battleaxe (17)]
  5373 | D:6      | Found a bloodstained altar of Trog.
  5897 | D:7      | Noticed a hornet
  5901 | D:7      | Killed a hornet
  5902 | D:7      | Reached XP level 9. HP: 63/93 MP: 8/8
  6123 | D:7      | Found an opulent altar of Gozag.
  6737 | D:8      | Noticed Maggie
  6745 | D:8      | Killed Maggie
  6870 | D:8      | Found a transporter.
  6871 | D:8      | Noticed a moth of wrath
  6876 | D:8      | Found a bloodstained altar of Trog.
  6886 | D:8      | Noticed Persephone's ghost (novice GrBe)
  6898 | D:8      | Found a transporter.
  6927 | D:8      | Noticed a two-headed ogre
  6937 | D:8      | HP: 5/144 [two-headed ogre/+0 dire flail (21)]
  6937 | D:8      | Mangled by a two-headed ogre

Illustrated notes

Levels and vault maps discovered:
D:1:      minmay_arrival_doors, layout_loops_ring,
          shapermc_ecumenical_altar_rom_forum, serial_shops, shop,
          dreamdust_mushroom_princess
D:2:      minmay_chambers_of_twos, layout_loops_cross, basic_altar,
          minmay_hexomino_p4
D:3:      kennysheep_big_flooded_room, layout_loops_ring,
          mainiacjoe_overflow_small_starburst, gammafunk_ghost_cemetery,
          kennysheep_generic_room_9, uniq_grinder
D:4:      layout_basic, mainiacjoe_overflow_big_doors, kennysheep_mini,
          minmay_temple_entry_ruins, portal_sewer_entry_a,
          minmay_misc_feat_pillars
D:5:      layout_gridville, nicolae_overflow_crystal_walls,
          general_overflow_altar, grunt_ministairs_4
D:6:      layout_layer_cave, mainiacjoe_overflow_24_doors, trog_hazing_becter,
          nrook_campfire
D:7:      layout_cave_pods, grunt_gozag_breadcrumbs
D:8:      layout_gridville, chequers_ossuary_entry_cave,
          gammafunk_ghost_wrathful_warriors, ldierk_geyser, uniq_maggie

Skill      XL: |  1  2  3  4  5  6  7  8  9 |
---------------+----------------------------+-----
Maces & Flails | 3 4 5 6 7 8 |  8.0
Fighting       | 3 4 5 7 8 |  8.0
Throwing       | 2 3 4 |  4.7
Dodging        | |  2.4

Action                   |  1- 3 |  4- 6 |  7- 9 || total
-------------------------+-------+-------+-------++-------
Melee: Mace              |   134 |   107 |   121 ||   362
       Punch             |     1 |       |     2 ||     3
       Flail             |       |       |   112 ||   112
       Battleaxe         |       |       |    51 ||    51
Throw: Large rock        |       |       |     1 ||     1
Invok: Trog's Hand       |       |     3 |     9 ||    12
       Berserk           |       |     2 |     6 ||     8
  Use: Scroll            |       |       |     8 ||     8
 Stab: Sleeping          |     3 |       |       ||     3
Armor: Animal skin       |    71 |    40 |   105 ||   216
Dodge: Dodged            |   105 |    53 |   211 ||   369
